 Dungeon Crawl Stone Soup version 0.20-a0-1000-g0e8f6bb (webtiles) character file.

17347 Rrauwl the Slinger (level 12, -5/141 HPs)
             Began as a Bultungin Wanderer on Apr 12, 2017.
             Was a Priest of Sif Muna.
             Slain by a minotaur
             ... wielding an uncursed staff of fire
              (6 damage)
             ... in a labyrinth.
             The game lasted 01:11:27 (14955 turns).

Rrauwl the Slinger (Bultungin Wanderer)            Turns: 14955, Time: 01:11:27

Health: -5/141     AC: 26    Str: 14    XL:     12   Next: 47%
Magic:  22/24      EV:  2    Int: 22    God:    Sif Muna [***...]
Gold:   834        SH:  0    Dex: 12    Spells: 22/27 levels left

rFire    . . .     SeeInvis +   a - +3 spear
rCold    . . .     Gourm    .   (no shield)
rNeg     + + +     Faith    .   (armour currently unavailable)
rPois    +         Spirit   .   (helmet currently unavailable)
rElec    .         Reflect  .   (cloak currently unavailable)
rCorr    .         Harm     .   (gloves currently unavailable)
MR       .....     NoTele   +   (boots currently unavailable)
Stlth    +++.......             (no amulet)
Regen    0.4/turn               t - +2 ring of slaying
MPRegen  0.2/turn               I - +4 ring of intelligence

@: tree-form
A: short attention span, see invisible, clever 1, strong nose
a: Divine Energy, Channel Magic, Renounce Religion


You were in a labyrinth.
You worshipped Sif Muna.
Sif Muna was most pleased with you.
You were not hungry.
You were a tree.
You visited 3 branches of the dungeon, and saw 13 of its levels.
You also visited: Labyrinth.

You collected 834 gold pieces.

Inventory:

Hand Weapons
 a - a +3 spear (weapon)
 b - a +0 hunting sling of flaming
Missiles
 k - 322 stones (quivered)
 m - 48 sling bullets
Armour
 o - a +2 pair of gloves (melded)
 p - a +2 leather armour of poison resistance (melded)
 z - a +1 hat of magic resistance (melded)
Jewellery
 t - a +2 ring of slaying (left branch)
 I - a +4 ring of intelligence (right branch)
Wands
 h - a wand of iceblast (8/15)
 l - a wand of confusion (20/48)
 x - a wand of digging (7/24)
 A - a wand of acid (0/15)
 E - a wand of disintegration (0/24)
Scrolls
 d - 6 scrolls of remove curse
 f - a scroll of enchant armour
 i - 3 scrolls of identify
 n - 2 scrolls of fear
 F - 2 scrolls of teleportation
Potions
 c - 3 potions of resistance
 g - a potion of curing
 r - a potion of cancellation
 C - 4 potions of flight
Books
 y - a book of Battle

   Spells                             Type                      Level
   a - Infusion                       Charms                       1
   b - Shroud of Golubria             Charms/Translocation         2
   c - Song of Slaying                Charms                       2
   d - Spectral Weapon                Hexes/Charms                 3
   e - Regeneration                   Charms/Necromancy            3
Comestibles
 u - 9 royal jellies


   Skills:
 + Level 8.7 Fighting
 - Level 8.0 Polearms
 + Level 8.8 Slings
 - Level 8.0 Armour
 - Level 8.1 Dodging
 + Level 6.8 Stealth
   Level 1.5 Shields
 - Level 8.0 Spellcasting
   Level 3.0 Conjurations
 - Level 8.2 Charms
 - Level 8.1 Necromancy
 + Level 5.6 Translocations
 - Level 8.0 Invocations
 - Level 8.0 Evocations


You had 22 spell levels left.
You knew the following spells:

 Your Spells              Type           Power        Failure   Level  Hunger
a - Regeneration          Chrm/Necr      #####.....   1%          3    None
b - Shroud of Golubria    Chrm/Tloc      #####.....   1%          2    None


Dungeon Overview and Level Annotations

Branches:
Dungeon (11/15)            Temple (1/1) D:4            Lair (1/6) D:11
    Orc (0/2) D:11

Altars:
Ashenzari
Cheibriados
Dithmenos
Elyvilon
Fedhas
Gozag
Hepliaklqana
Kikubaaqudgha
Makhleb
Nemelex Xobeh
Okawaru
Qazlal
Ru
Sif Muna
Trog
Uskayaw
Vehumet
Wu Jian
Xom
Yredelemnul
Zin
The Shining One

Shops:
D:9 (


Innate Abilities, Weirdness & Mutations

You have a short attention span.
((You have very sharp teeth.))
You have supernaturally acute eyesight. (SInv)
Your uncanny sense of smell can sniff out nearby items.
((You have a pair of small antennae on your head.))
((You have sharp fingernails.))
((You have sharp toenails.))
((You are partially covered in large bone plates. (SH +4)))
Your mind is acute. (Int +2)


Message History

The minotaur burns you!
* * * LOW HITPOINT WARNING * * *
The minotaur gores you but does no damage.
You feel better.
The minotaur hits you with a staff of fire!
* * * LOW HITPOINT WARNING * * *
The minotaur burns you!
* * * LOW HITPOINT WARNING * * *
The minotaur gores you but does no damage.
You feel better.
The minotaur hits you with a staff of fire!
* * * LOW HITPOINT WARNING * * *
The minotaur burns you!
* * * LOW HITPOINT WARNING * * *
The minotaur gores you but does no damage.
You feel better.
The minotaur hits you with a staff of fire!
* * * LOW HITPOINT WARNING * * *
The minotaur burns you!
You die...

#. # # ..# .
..#
###..#8<8#..#
. #
#..#/.=#....#.
#..#8.8#..###.
# # .#:.[# .#
#..#8.8# #. .#
.#...# . .# .
#..#8H8#.. .#
## #..##♣##.
#.........#
#...#.#.#.#.
#.#.#.#.#.# #
# #.# ..# .
#.. ##.### ###
# # # .# .# #
. . . ## # #
## # .


You could see a minotaur.

Vanquished Creatures
  Gastronok (D:9)
  4 two-headed ogres
  The ghost of Rrauwl the Gusty, a novice BuAE of Sif Muna (D:7)
  2 ugly things
  Pikel (D:5)
  2 guardian serpents (D:11)
  3 trolls (D:10)
  A hornet (D:9)
  Grinder (D:4)
  Prince Ribbit (D:6)
  The ghost of valenzione the Slasher, an amateur GrFi (D:4)
  3 hippogriffs
  2 shadows (Lab)
  Sigmund (D:3)
  12 yaks
  2 hungry ghosts
  A two-headed ogre zombie (D:11)
  5 porcupines
  3 orc warriors
  4 water moccasins
  2 phantoms
  An ice beast (D:5)
  3 sky beasts
  A black bear (D:8)
  5 ogres
  A slave (D:5)
  2 necrophages
  2 centaurs
  2 crocodiles (Lair:1)
  2 big kobolds
  Blork the orc (D:6)
  14 bullfrogs
  2 wyvern zombies
  7 scorpions
  3 killer bees (D:11)
  2 centaur zombies
  2 crimson imps
  5 hounds
  4 jellies
  5 orc priests
  A gnoll shaman (D:8)
  Ijyb (D:4)
  4 worker ants
  4 iguanas
  7 orc wizards
  7 ogre zombies (D:11)
  A hound skeleton (D:4)
  2 worker ant zombies
  11 gnolls
  A howler monkey skeleton (D:9)
  18 adders
  A shadow imp (D:6)
  5 oozes (D:8)
  2 adder zombies (D:5)
  An adder skeleton (D:4)
  A worm (D:4)
  5 dart slugs
  4 leopard geckos
  25 orcs
  2 ball pythons
  5 giant cockroaches
  5 goblins
  4 hobgoblins
  20 jackals
  19 kobolds
  8 quokkas
  7 bats
  6 frilled lizards
  4 goblin skeletons (D:11)
  5 hobgoblin zombies (D:11)
  2 orc skeletons (D:11)
  14 orc zombies (D:11)
  A quokka skeleton (D:6)
  A quokka zombie (D:3)
  5 rats
  A fungus (D:11)
  A plant (D:11)
328 creatures vanquished.

Vanquished Creatures (others)
  An orc priest (D:5)
  An orc wizard (D:5)
  A hound zombie (D:5)
  A shadow imp (D:5)
  2 orcs (D:5)
  A frilled lizard (D:5)
  A quokka zombie (D:5)
  35 fungi (D:11)
  5 plants (D:11)
48 creatures vanquished.

Grand Total: 376 creatures vanquished

Notes
Turn   | Place    | Note
-------+----------+-------------------------------------------
     0 | D:1      | Rrauwl the Bultungin Wanderer began the quest for the Orb.
     0 | D:1      | Rrauwl set off with: a +2 spear, 2 potions of lignification, a +0 robe, a +0 dagger, a bread ration
     0 | D:1      | Reached XP level 1. HP: 18/18 MP: 2/2
    71 | D:1      | Reached XP level 2. HP: 23/24 MP: 3/3
   494 | D:2      | Reached skill level 1 in Armour
   494 | D:2      | Reached XP level 3. HP: 20/30 MP: 4/4
   500 | D:2      | Reached skill level 1 in Polearms
   821 | D:2      | Found a glowing silver altar of Zin.
   822 | D:2      | Found an opulent altar of Gozag.
   877 | D:2      | Reached XP level 4. HP: 30/37 MP: 5/5
  1511 | D:2      | Reached XP level 5. HP: 39/42 MP: 6/6
  1993 | D:3      | Noticed Sigmund
  2019 | D:3      | Killed Sigmund
  2019 | D:3      | Reached skill level 5 in Dodging
  2019 | D:3      | Reached XP level 6. HP: 50/50 MP: 6/8
  2501 | D:3      | Reached skill level 5 in Fighting
  2590 | D:4      | Noticed valenzione's ghost (amateur GrFi)
  2647 | D:4      | Killed valenzione's ghost
  2647 | D:4      | Reached XP level 7. HP: 34/56 MP: 9/9
  2862 | D:4      | Found a white marble altar of Elyvilon.
  3023 | D:4      | Noticed Ijyb
  3047 | D:4      | Killed Ijyb
  3102 | D:4      | Found a deep blue altar of Sif Muna.
  3108 | D:4      | Became a worshipper of Sif Muna the Loreminder
  3128 | D:4      | Noticed Grinder
  3131 | D:4      | Killed Grinder
  3131 | D:4      | Reached skill level 5 in Polearms
  3131 | D:4      | Reached skill level 5 in Armour
  3131 | D:4      | Reached XP level 8. HP: 63/64 MP: 11/11
  3165 | D:4      | Found a staircase to the Ecumenical Temple.
  3176 | Temple   | Entered the Ecumenical Temple
  3674 | D:4      | Found a snail-covered altar of Cheibriados.
  3674 | D:4      | Found a sparkling altar of Nemelex Xobeh.
  3739 | D:5      | Entered Level 5 of the Dungeon
  3744 | D:5      | Found a stormy altar of Qazlal.
  3759 | D:5      | Reached skill level 1 in Invocations
  3759 | D:5      | Reached skill level 5 in Evocations
  3764 | D:5      | Noticed Pikel
  3792 | D:5      | Killed Pikel
  4331 | D:5      | Reached XP level 9. HP: 45/72 MP: 13/13
  4461 | D:5      | Found a burning altar of Makhleb.
  4461 | D:5      | Noticed a green death
  4478 | D:5      | Found a burning altar of Makhleb.
  4544 | D:5      | Found a bloodstained altar of Trog.
  4837 | D:6      | Reached skill level 1 in Slings
  5078 | D:6      | Found a hazy altar of Hepliaklqana.
  5078 | D:6      | Noticed Blork the orc
  5088 | D:6      | Killed Blork the orc
  5118 | D:6      | Noticed Prince Ribbit
  5131 | D:6      | Killed Prince Ribbit
  5731 | D:7      | Learned a level 3 spell: Regeneration
  5884 | D:7      | Noticed Rrauwl's ghost (novice BuAE)
  5909 | D:7      | Killed Rrauwl's ghost
  5909 | D:7      | Reached skill level 1 in Spellcasting
  5909 | D:7      | Reached skill level 1 in Charms
  5909 | D:7      | Reached skill level 5 in Invocations
  6161 | D:7      | Found a shadowy altar of Dithmenos.
  6269 | D:7      | Reached XP level 10. HP: 78/80 MP: 15/15
  6597 | D:8      | Gained mutation: You are weak. (Str -2) [mutagenic meat]
  6600 | D:8      | Gained mutation: You have a pair of small antennae on your head. [mutagenic meat]
  7132 | D:8      | Reached * piety under Sif Muna
  7185 | D:8      | Noticed a two-headed ogre
  7202 | D:8      | Killed a two-headed ogre
  7673 | D:8      | Reached skill level 5 in Charms
  7735 | D:8      | Noticed a two-headed ogre
  8530 | D:9      | Found Pioz's Weapon Emporium.
  8579 | D:9      | Noticed Gastronok
  8624 | D:9      | Killed Gastronok
  8624 | D:9      | Reached ** piety under Sif Muna
  8624 | D:9      | Reached skill level 5 in Spellcasting
  8624 | D:9      | Reached XP level 11. HP: 23/86 MP: 16/19
  8966 | D:9      | Found a sparkling altar of Nemelex Xobeh.
  9068 | D:9      | Noticed a two-headed ogre
  9408 | D:9      | Noticed a cyan ugly thing
  9414 | D:9      | Killed a cyan ugly thing
  9524 | D:9      | Noticed a two-headed ogre
  9529 | D:9      | Killed a two-headed ogre
  9631 | D:9      | Killed a two-headed ogre
  9762 | D:10     | Entered Level 10 of the Dungeon
  9964 | D:10     | Noticed a two-headed ogre
  9976 | D:10     | Killed a two-headed ogre
 10905 | D:11     | Found a staircase to the Orcish Mines.
 11254 | D:11     | Reached *** piety under Sif Muna
 11299 | D:11     | Learned a level 2 spell: Shroud of Golubria
 11429 | D:11     | Reached skill level 1 in Translocations
 12025 | D:11     | Reached XP level 12. HP: 32/92 MP: 17/24
 12503 | D:11     | Reached skill level 5 in Stealth
 12675 | D:11     | Found a staircase to the Lair.
 13466 | D:11     | Gained mutation: You have sharp fingernails. [mutagenic meat]
 13467 | D:11     | Gained mutation: You are partially covered in large bone plates. (SH +4) [mutagenic meat]
 13468 | D:11     | Gained mutation: Your mind is acute. (Int +2) [mutagenic meat]
 13469 | D:11     | Gained mutation: You have sharp toenails. [mutagenic meat]
 13470 | D:11     | Lost mutation: You are weak. (Str -2) [mutagenic meat]
 14068 | Lair:1   | Entered Level 1 of the Lair of Beasts
 14224 | Lair:1   | Reached skill level 5 in Translocations
 14463 | Lair:1   | Found a labyrinth entrance.
 14502 | Lab      | Entered a labyrinth
 14935 | Lab      | Noticed a minotaur
 14954 | Lab      | HP: 7/141 [minotaur/staff of fire (8)]
 14955 | Lab      | HP: 1/141 [minotaur/staff of fire (14)]
 14955 | Lab      | Slain by a minotaur

Vault maps used:
D:1:      lightli_arrival_statuegarden
D:2:      grunt_temple_overflow_gold_and_silver
D:3:      minmay_wonky_spiral, minmay_misc_feat_chi, uniq_sigmund
D:4:      old_standard_altar, gammafunk_temple_overflow_wave,
          minmay_temple_entry_glassed_door, led_sif_pool, uniq_grinder,
          uniq_iyjb
D:5:      cheibrodos_helix_gallery, nicolae_overflow_hidden_temple,
          kennysheep_mini_moat, basic_altar, first_bread,
          makhleb_altar_promises_db, uniq_pikel
D:6:      lemuel_crystal_altar, uniq_prince_ribbit1, uniq_blork_the_orc
D:7:      grunt_dithmenos_smoke_and_mirrors
D:8:      hangedman_little_slice_of_home
D:9:      basic_altar, serial_shops, shop, uniq_gastronok
D:10:     minivault_26
D:11:     nrook_guardian_serpent_snake_passage, due_lair_maze_entry_diamond,
          zombieorc2_lemuel
Temple:   nicolae_temple_figure_eight
Lair:1:   minmay_lair_oklob_tunnel, lab_entry_generic, serial_bayou_shore_b,
          grunt_megastairs_3
Lab:      nicolae_lab_dead_adventurers, nicolae_lab_grate, lab_block

Skill      XL: |  1  2  3  4  5  6  7  8  9 10 11 12 |
---------------+-------------------------------------+-----
Stealth        | 3 4 6 |  6.8
Dodging        | 2 3 4 5 6 7 8 |  8.1
Armour         | 1 2 3 4 5 6 7 8 |  8.0
Polearms       | 1 2 3 4 5 6 7 8 |  8.0
Fighting       | 4 5 6 7 8 |  8.7
Evocations     | 3 4 6 7 8 |  8.0
Invocations    | 3 5 7 8 |  8.0
Slings         | 3 6 8 |  8.8
Spellcasting   | 2 5 8 |  8.0
Charms         | 3 6 8 |  8.2
Necromancy     | 3 6 8 |  8.1
Translocations | 2 5 |  5.6
Shields        | |  1.5
Conjurations   | |  3.0

Action                   |  1- 3 |  4- 6 |  7- 9 | 10-12 || total
-------------------------+-------+-------+-------+-------++-------
Melee: Spear             |    71 |   180 |   217 |   570 ||  1038
       Bite              |     6 |     7 |    18 |    56 ||    87
       Kick              |       |       |       |    28 ||    28
 Fire: Hunting sling     |       |    15 |   103 |   627 ||   745
Throw: Stone             |       |       |       |     1 ||     1
 Cast: Regeneration      |       |       |       |    11 ||    11
       Shroud of Golubri |       |       |       |    13 ||    13
Evoke: Wand              |       |     7 |    15 |    33 ||    55
  Use: Scroll            |       |     7 |     8 |     6 ||    21
       Potion            |       |     5 |     8 |     8 ||    21
 Stab: Sleeping          |     5 |    11 |     2 |     3 ||    21
       Distracted        |       |       |     1 |       ||     1
       Confused          |       |       |       |     4 ||     4
       Fleeing           |       |       |       |     1 ||     1
  Eat: Chunk             |       |     6 |     9 |    26 ||    41
       Fruit             |       |       |     2 |     4 ||     6
       Royal jelly       |       |       |       |     4 ||     4
       Bread ration      |       |       |       |     1 ||     1
Armor: Robe              |     6 |    22 |     7 |       ||    35
       Skin              |       |    39 |       |    41 ||    80
       Leather armour    |       |       |    56 |   152 ||   208
Dodge: Dodged            |    28 |    80 |   163 |   428 ||   699
Block: Other             |       |       |       |    10 ||    10
